 Dungeon Crawl Stone Soup version 0.29.1-14-g9c671dbff4 (webtiles) character file.

Game seed: 11307738026459790375

362 Wobber the Changer (level 6, -1/38 HPs)
             Began as an Octopode Transmuter on Feb 14, 2023.
             Shot with an arrow by a centaur (7 damage)
             ... on level 5 of the Dungeon.
             The game lasted 00:09:26 (4231 turns).

Wobber the Changer (Octopode Transmuter)            Turns: 4231, Time: 00:09:27

Health: -1/38      AC:  1    Str: 10    XL:     6   Next: 66%
Magic:  9/9        EV: 13    Int: 17    God:
Gold:   220        SH:  0    Dex: 15    Spells: 6/10 levels left

rFire   . . .      SeeInvis .   a - +4 sling of Painful Death {speed, rElec rPois Dex+3}
rCold   . . .      Faith    .   (no shield)
rNeg    + . .      Spirit   .   (helmet restricted)
rPois   +          Reflect  .   (no amulet)
rElec   +          Harm     .   n - ring of positive energy
rCorr   .          Rampage  .   (no ring)
Will    .....                   (no ring)
Stlth   +++.......              (no ring)
HPRegen 0.12/turn               (no ring)
MPRegen 0.11/turn               (no ring)
                                (no ring)
                                (no ring)

@: no status effects
A: almost no armour, amphibious, 8 rings, camouflage 1, gelatinous body 1,
(nimble swimmer 1), tentacles
a: no special abilities


You were on level 5 of the Dungeon.
You visited 1 branch of the dungeon, and saw 5 of its levels.

You collected 220 gold pieces.

Inventory:

Hand Weapons
 a - the +4 sling of Painful Death (weapon) {speed, rElec rPois Dex+3}
   (You found it on level 3 of the Dungeon)

   Attacks with this weapon are significantly faster.
   Dex:       It affects your dexterity (+3).
   rElec:     It insulates you from electricity.
   rPois:     It protects you from poison.
 l - a +1 shortbow of freezing
Missiles
 b - 40 stones
 h - 18 poisoned darts
Armour
 s - a +0 buckler
Jewellery
 n - a ring of positive energy (left tentacle)
Scrolls
 c - 3 scrolls of identify
 d - a scroll of teleportation
 f - 2 scrolls of enchant armour {unknown}
 j - a scroll of acquirement {unknown}
 o - a scroll of vulnerability {unknown}
 q - 2 scrolls of blinking {unknown}
 t - a scroll of silence {unknown}
Potions
 e - 3 potions of mutation
 g - 2 potions of lignification
 i - a potion of ambrosia
 k - 2 potions of curing
 m - a potion of might {unknown}
 p - 2 potions of heal wounds {unknown}
 r - a potion of invisibility {unknown}


   Skills:
 - Level 1.2 Fighting
 - Level 0.5 Ranged Weapons
 - Level 2.1 Dodging
 - Level 0.8 Stealth
 + Level 1.1 Shields
 - Level 3.0 Unarmed Combat
 - Level 2.5 Spellcasting
 + Level 4.9 Transmutations
 + Level 4.1 Poison Magic


You had 6 spell levels left.
You knew the following spells:

 Your Spells              Type           Power      Damage    Failure   Level
a - Beastly Appendage     Tmut           36%        N/A       2%          1
b - Spider Form           Tmut/Pois      17%        N/A       9%          3

Your spell library contained the following spells:

 Spells                   Type           Power      Damage    Failure   Level
 Wereblood                Tmut           18%        N/A       3%          2
 Confusing Touch          Hex            2%         N/A       50%         3
 Ice Form                 Ice/Tmut       10%        N/A       54%         4
 Yara's Violent Unravell  Hex/Tmut       5%         3d4       88%         5
 Enfeeble                 Hex            1%         N/A       100%        7


Dungeon Overview and Level Annotations

Branches:
Dungeon (5/15)
 Temple: D:4-7

Altars:


Innate Abilities, Weirdness & Mutations

You cannot wear most types of armour.
You are amphibious.
You can wear up to eight rings at the same time.
Your skin changes colour to match your surroundings (Stealth+).
Your rubbery body absorbs attacks. (AC +1, EV +1)
((You are camouflaged when in or above water. (Stealth+)))
You have tentacles for arms and can constrict up to eight enemies at once.


Message History

You shoot a sling bullet. The sling bullet hits the white imp.
The white imp is moderately wounded.
You shoot a sling bullet. The sling bullet hits the white imp.
The white imp is heavily wounded.
The white imp gestures at you. The puff of frost hits you!
You are now empty-tentacled.
One of your tentacles grows a vicious spike.
The white imp picks up a beetle and eats it.
You tentacle-slap the white imp. You grab the white imp.
You pierce the white imp.
You kill the white imp!
You start resting.
Magic restored.
You start resting.
Your transformation is almost over.
Your tentacle spike disappears.
HP restored.
Found a stone staircase leading down.
Okay, then.
Found a stone staircase leading up.
There is a stone staircase leading up here.
You now have 220 gold pieces (gained 9).
A centaur comes into view.
You feel agile.
Your tentacles tingle!
a - the +4 sling of Painful Death (weapon)
{speed, rElec rPois Dex+3} You shoot a sling bullet.
The sling bullet hits the centaur!
The centaur shouts!
The centaur is moderately wounded.
The centaur wields a +0 shortbow.
The centaur shoots an arrow.
The arrow hits you!
You shoot a sling bullet. The sling bullet hits the centaur.
The centaur is moderately wounded.
A scorpion comes into view.
The centaur shoots an arrow.
The arrow hits you!
The centaur shoots an arrow.
The arrow hits you!
* * * LOW HITPOINT WARNING * * *
The centaur shoots an arrow.
The arrow hits you!
You die...

##### ########...#
#..........#
##.######...#
###.#.######.#####
######..###............
#.....@## ##.####....##
###.###.#.###.##
####.## ........##.#.##
#.## ###.##..###.##
#<## #..# ### #.## #..#
#.## #..# ##.## #sc#
#.... .... #...#


You could see a centaur and a scorpion.

Vanquished Creatures
  A necrophage (D:5)
  A scorpion (D:4)
  A howler monkey (D:3)
  2 hounds
  6 adders
  A gnoll (D:1)
  A white imp (D:5)
  A worm (D:4)
  4 orcs
  4 ball pythons
  4 endoplasms
  3 giant cockroaches
  7 goblins
  3 hobgoblins
  6 jackals
  11 kobolds
  5 quokkas
  4 bats
  A frilled lizard (D:1)
  2 rats
68 creatures vanquished.

Notes
Turn   | Place    | Note
-------+----------+-------------------------------------------
     0 | D:1      | Wobber the Octopode Transmuter began the quest for the Orb.
     0 | D:1      | Reached XP level 1. HP: 13/13 MP: 3/3
    59 | D:1      | Reached XP level 2. HP: 15/18 MP: 3/5
   227 | D:1      | Reached XP level 3. HP: 16/23 MP: 6/6
   328 | D:1      | Learned a level 3 spell: Spider Form
   840 | D:2      | Reached skill level 1 in Poison Magic
   866 | D:2      | Found a faded altar of an unknown god.
  1012 | D:2      | Reached XP level 4. HP: 28/28 MP: 5/7
  2096 | D:3      | Identified the +4 sling of Painful Death {speed, rElec
                  | rPois Dex+3}
  2326 | D:3      | Reached XP level 5. HP: 13/33 MP: 6/8
  3360 | D:4      | Reached XP level 6. HP: 38/38 MP: 7/9
  3690 | D:5      | Entered Level 5 of the Dungeon
  3721 | D:5      | Reached skill level 1 in Shields
  4231 | D:5      | Shot with an arrow by a centaur

Illustrated notes

Levels and vault maps discovered:
D:1:      dpeg_arrival_castle, layout_rooms
D:2:      layout_loops_ring, hellmonk_ecumenical_altar_lost_god
D:3:      layout_rooms
D:4:      layout_loops_corners
D:5:      layout_loops_ring

Skill      XL: |  1  2  3  4  5  6 |
---------------+-------------------+-----
Transmutations | 3 4 |  4.9
Poison Magic   | 1 2 3 4 |  4.1
Shields        | 1 |  1.1
Fighting       | |  1.2
Ranged Weapons | |  0.5
Dodging        | |  2.1
Stealth        | |  0.8
Unarmed Combat | |  3.0
Spellcasting   | |  2.5

Action                   |  1- 3 |  4- 6 || total
-------------------------+-------+-------++-------
Melee: Unarmed           |    44 |    66 ||   110
       Tentacles         |     8 |    12 ||    20
       Constrict         |     8 |    17 ||    25
       Kick              |     9 |    20 ||    29
       Punch             |       |     2 ||     2
       Sling             |       |     1 ||     1
 Fire: Shortbow          |    26 |    19 ||    45
       Sling             |       |    51 ||    51
 Cast: Beastly Appendage |    14 |    20 ||    34
  Use: Scroll            |       |     8 ||     8
 Stab: Sleeping          |     2 |       ||     2
Armor: Skin              |     6 |     3 ||     9
Dodge: Dodged            |    44 |    44 ||    88
